 Dungeon Crawl Stone Soup version 0.31-a0-1002-g8e65716e6e (webtiles) character file.

Game seed: 11513483884726677369

33680 MackTheKnife the Black Sun (level 13, 0/98 HPs)
             Began as a Vampire Earth Elementalist on Nov 9, 2023.
             Was a High Priest of Kikubaaqudgha.
             Slain by a five-headed hydra (7 damage)
             ... on level 5 of the Lair of Beasts.
             The game lasted 01:06:36 (21074 turns).

MackTheKnife the Black Sun (VpEE)                  Turns: 21074, Time: 01:06:36

Health: 0/98       AC:  8    Str:  7    XL:     13   Next: 38%
Magic:  7/22       EV: 16    Int: 27    God:    Kikubaaqudgha [*****.]
Gold:   573        SH:  0    Dex: 19    Spells: 0/24 levels left

rFire   . . .        b - staff of earth {!astaff}
rCold   . . .        (no shield)
rNeg    . . .        n - +0 troll leather armour
rPois   .            M - +2 hat {Int+3}
rElec   .            K - +2 cloak
rCorr   .            (no gloves)
SInv    +            (no boots)
Will    ++...        (no amulet)
Stlth   +++++        C - ring of willpower
HPRegen 1.36/turn    r - +6 ring of intelligence
MPRegen 0.18/turn

%: no passive effects
@: healing quickly
A: alive, fangs 3, see invisible, vampiric 2
a: Exsanguinate, Renounce Religion, Unearth Wretches, Torment


You were on level 5 of the Lair of Beasts.
You worshipped Kikubaaqudgha.
Kikubaaqudgha was extremely pleased with you.
You visited 3 branches of the dungeon, and saw 16 of its levels.

You collected 787 gold pieces.
You spent 214 gold pieces at shops.


Innate Abilities, Weirdness & Mutations

Your natural rate of healing is accelerated.
You have razor-sharp teeth.
You have supernaturally acute eyesight. (SInv)
You are afflicted with vampirism and can become a bat while bloodless.


   Skills:
 - Level 8.1 Fighting
 - Level 6.0 Short Blades
 - Level 8.1 Dodging
 - Level 12.0 Stealth
 - Level 6.0 Spellcasting
 + Level 2.7 Conjurations
 - Level 12.0 Necromancy
 - Level 6.6 Transmutations
 + Level 2.2 Air Magic
 - Level 10.0 Earth Magic
 + Level 2.0 Poison Magic
 - Level 4.0 Evocations


You couldn't memorise any spells.
You knew the following spells:

 Your Spells              Type           Power      Damage    Failure   Level
a - Sandblast             Erth           100%       2d20      1%          1
b - Passwall              Tmut/Erth      56%        N/A       1%          2
c - Death Channel         Necr           32%        N/A       11%         6
d - Petrify               Tmut/Erth      68%        N/A       3%          4
e - Stone Arrow           Conj/Erth      100%       3d13      2%          3
f - Borgnjor's Vile Clut  Necr/Erth      39%        N/A       3%          5
g - Mephitic Cloud        Conj/Pois/Air  20%        N/A       11%         3

Your spell library contained the following spells:

 Spells                   Type           Power      Damage    Failure   Level
 Kiss of Death            Conj/Necr      100%       2d13      1%          1
 Necrotise                Necr           100%       1d9       1%          1
 Sting                    Tmut/Pois      100%       1d8       1%          1
 Cigotuvi's Dreadful Rot  Necr/Pois/Air  74%        N/A       1%          2
 Vampiric Draining        Necr           64%        2d10      1%          3
 Agony                    Necr           64%        N/A       1%          5
 Magic Dart               Conj           88%        1d7       3%          1
 Poisonous Vapours        Pois/Air       38%        N/A       6%          2
 Brom's Barrelling Bould  Conj/Erth      59%        2d7       7%          4
 Summon Small Mammal      Summ           32%        N/A       10%         1
 Call Imp                 Summ           16%        N/A       14%         2
 Lesser Beckoning         Tloc           16%        N/A       14%         2
 Confusing Touch          Hex            8%         N/A       28%         3
 Gell's Gravitas          Tloc           8%         N/A       28%         3
 Teleport Other           Tloc           8%         N/A       28%         3
 Volatile Blastmotes      Fire/Tloc      16%        2d11      28%         3
 Olgreb's Toxic Radiance  Pois           19%        N/A       38%         4
 Simulacrum               Ice/Necr       20%        N/A       77%         6
 Plasma Beam              Fire/Air       7%         2x1d17    100%        6
 Starburst                Conj/Fire      7%         6d4       100%        6

Inventory:

Hand Weapons
 a - a +2 dagger of speed {short}
   (You took it off an orc on level 6 of the Dungeon)
 G - the +3 long sword "Zothidd" {speed, rElec, long}
   (You found it on level 10 of the Dungeon)

   rElec:     It insulates you from electricity.
 J - a +3 scimitar of flaming {long}
   (You took it off Erica on level 1 of the Lair of Beasts)
 N - a +4 dagger {short}
   (You found it on level 3 of the Lair of Beasts)
Missiles
 h - 7 poisoned darts (quivered) {throwing}
 B - 3 throwing nets {=f!fthrowing}
Armour
 n - a +0 troll leather armour (worn)
   (You found it on level 10 of the Dungeon)
 p - a scarf of repulsion
   (You found it on level 3 of the Dungeon)
 K - a +2 cloak (worn)
   (You found it on level 1 of the Lair of Beasts)
 M - a +2 hat of intelligence (worn)
   (You took it off Gastronok on level 10 of the Dungeon)
Magical Staves
 b - a staff of earth (weapon) {!astaff}
   (You acquired it on level 3 of the Dungeon)
 H - a staff of poison {!astaff}
   (You found it on level 10 of the Dungeon)
 I - a staff of fire {!astaff}
   (You found it on level 2 of the Lair of Beasts)
Jewellery
 d - an amulet of faith {!P}
   (You found it on level 4 of the Lair of Beasts)
 r - a +6 ring of intelligence (right hand)
   (You found it on level 2 of the Lair of Beasts)
 C - a ring of willpower (left hand)
   (You took it off an orc on level 8 of the Dungeon)
Wands
 c - a wand of light (1)
   (You found it on level 1 of the Lair of Beasts)
 m - a wand of mindburst (4)
   (You found it on level 3 of the Dungeon)
 y - a wand of charming (8)
   (You found it on level 7 of the Dungeon)
 D - a wand of digging (4)
   (You found it on level 3 of the Lair of Beasts)
Scrolls
 e - a scroll of blinking {!r}
 j - 2 scrolls of fear
 l - 3 scrolls of enchant weapon
 o - 2 scrolls of fog
 t - 7 scrolls of teleportation {@r4}
 w - 3 scrolls of revelation
 x - a scroll of silence {!r}
 E - 3 scrolls of poison {!r}
 F - a scroll of immolation {!r!r}
Potions
 f - 2 potions of magic
 g - 6 potions of curing {@q1}
 i - a potion of berserk rage {!q}
 k - 2 potions of might
 q - 2 potions of lignification {!q}
 s - 4 potions of heal wounds {@q2}
 u - a potion of cancellation
 v - 3 potions of mutation {!q}
 z - a potion of haste {@q3}
 A - 2 potions of attraction {!q}
 L - a potion of invisibility {unknown}

Dungeon Overview and Level Annotations

Branches:
Dungeon (10/15) Zot: 25517  Temple (1/1) D:4 Zot: 5961    Lair (5/5) D:9 Zot: 23265
  Swamp (0/4) Lair:3       Spider (0/4) Lair:3        Slime (0/5) Lair:5
    Orc (0/2) D:10

Altars:
Ashenzari
Cheibriados
Dithmenos
Fedhas
Gozag
Hepliaklqana
Kikubaaqudgha
Makhleb
Nemelex Xobeh
Okawaru
Qazlal
Ru
Sif Muna
Trog
Uskayaw
Vehumet
Wu Jian
Xom
Yredelemnul

Shops:
D:7 (   D:8 ?[(   D:9 (

Annotations:
D:5 exclusion: centaur
D:9 exclusion: 2 killer bees
D:10 exclusion: obsidian statue
Lair:3 exclusion: ghost crab

### ## ######.# .#### #
#.#.#.## .P..#.# ..
##...#### ##......P ...#
##......###........
.....#.......P#.<.......
...............D@.......
........................
........................
..F.....................
.....#..................
....#.................P.
.....................##.
.....#................
#.................


You could see a five-headed hydra (petrifying).


Message History

Unknown command. 😮 HP[+1] 😕 HP[+2]
You regained 2 hp, and now have 75/98 hp. 😕 HP[+1] 😕 HP[+1] MP[+1] 😕 HP[+2]
You regained 2 hp, and now have 79/98 hp. 😕 HP[+1] 😕 HP[+1]
There is a stone staircase leading up here. 😕 HP[+2]
You regained 2 hp, and now have 83/98 hp.
You climb upwards.
There is a stone staircase leading down here. 😕 HP[+3] MP[+1]
You regained 3 hp, and now have 86/98 hp.
You start resting. 😎 HP[+12] MP[+1]
Your hp is fully restored (98).
You start resting. 😎 MP[+16]
Your mp is fully restored (22).
You climb downwards.
There is a stone staircase leading up here.
Unknown command.
Casting: Petrify (dangerous; 3% risk of failure)
Confirm with . or Enter, or press ? or * to list all spells.
Aiming: Petrify (dangerous; 3% risk of failure)
Press: ? - help, Shift-Dir - straight line, f - five-headed hydra
Aim: a five-headed hydra (chance to affect: 46%)
You feel a surge of power!
The five-headed hydra resists with some effort. 😎 MP[-4]
You lost 4 mp, and now have 18/22 mp.
Casting: Petrify (dangerous; 3% risk of failure)
Confirm with . or Enter, or press ? or * to list all spells.
Aiming: Petrify (dangerous; 3% risk of failure)
Press: ? - help, Shift-Dir - straight line, f/p - five-headed hydra
Aim: a five-headed hydra (chance to affect: 46%)
You feel a surge of power!
The five-headed hydra resists with some effort.
The five-headed hydra bites you. x2
The five-headed hydra closely misses you.
The five-headed hydra bites you! x2 😮 HP[-27] MP[-4]
You take 27 damage, and now have 71/98 hp.
MASSIVE DAMAGE!! (PAUSE)
You lost 4 mp, and now have 14/22 mp.
Casting: Petrify (dangerous; 3% risk of failure)
Confirm with . or Enter, or press ? or * to list all spells.
Aiming: Petrify (dangerous; 3% risk of failure)
Press: ? - help, Shift-Dir - straight line, f/p - five-headed hydra
Aim: a five-headed hydra (chance to affect: 46%)
You feel a surge of power!
The five-headed hydra resists with some effort.
The five-headed hydra misses you.
The five-headed hydra completely misses you.
The five-headed hydra misses you. The five-headed hydra bites you!
The five-headed hydra bites you but does no damage. 😮 HP[-10] MP[-4]
You take 10 damage, and now have 61/98 hp.
You lost 4 mp, and now have 10/22 mp.
Casting: Petrify (dangerous; 3% risk of failure)
Confirm with . or Enter, or press ? or * to list all spells.
Aiming: Petrify (dangerous; 3% risk of failure)
Press: ? - help, Shift-Dir - straight line, f/p - five-headed hydra
Aim: a five-headed hydra (chance to affect: 46%)
You feel a surge of power!
The five-headed hydra is moving more slowly.
The five-headed hydra bites you! x2
* * * LOW HITPOINT WARNING * * *
The five-headed hydra bites you!
* * * LOW HITPOINT WARNING * * *
The five-headed hydra bites you.
* * * LOW HITPOINT WARNING * * *
The five-headed hydra misses you. 😨 HP[-35] MP[-4]
You take 35 damage, and now have 26/98 hp.
MASSIVE DAMAGE!! (PAUSE)
You lost 4 mp, and now have 6/22 mp.
Okay, then.
Unknown command.
Okay, then.
Unknown command.
Press: ? - help, v - describe, . - travel
Here: a five-headed hydra (petrifying slowly)
The floor.
Unknown command.
Unknown command.
Unknown command.
The five-headed hydra attacks as it pursues you!
The five-headed hydra bites you!
* * * LOW HITPOINT WARNING * * *
The five-headed hydra barely misses you. x2
The five-headed hydra bites you!
* * * LOW HITPOINT WARNING * * *
The five-headed hydra bites you!
You die...
Kikubaaqudgha rasps: "You have failed me!
Welcome... death!"

Skill      XL: |  1  2  3  4  5  6  7  8  9 10 11 12 13 |
---------------+----------------------------------------+-----
Stealth        | 4 5 7 10 11 12 | 12.0
Earth Magic    | 4 5 6 8 10 | 10.0
Fighting       | 1 2 4 5 6 7 8 |  8.1
Evocations     | 1 2 4 |  4.0
Transmutations | 2 4 6 |  6.6
Short Blades   | 3 6 |  6.0
Dodging        | 4 5 6 7 8 |  8.1
Spellcasting   | 3 4 6 |  6.0
Conjurations   | 2 |  2.7
Necromancy     | 9 12 | 12.0
Air Magic      | 2 |  2.2
Poison Magic   | 2 |  2.0

Action                     |  1- 3 |  4- 6 |  7- 9 | 10-12 | 13-15 || total
---------------------------+-------+-------+-------+-------+-------++-------
  Melee: Dagger            |    34 |    13 |    73 |   191 |    81 ||   392
         Punch             |     2 |       |     1 |     2 |     4 ||     9
         Bite              |     3 |     1 |    10 |    31 |    11 ||    56
         Long sword        |       |       |       |    16 |    11 ||    27
         Staff             |       |       |       |       |     1 ||     1
  Throw: Stone             |     5 |       |       |       |       ||     5
         Dart              |     8 |     5 |     4 |     3 |       ||    20
   Cast: Sandblast         |    49 |    42 |    63 |    72 |     5 ||   231
         Passwall          |     2 |     4 |     5 |     4 |       ||    15
         Petrify           |       |     1 |    29 |    69 |    30 ||   129
         Stone Arrow       |       |       |     2 |    27 |       ||    29
         Borgnjor's Vile C |       |       |       |     6 |     3 ||     9
         Death Channel     |       |       |       |     1 |     2 ||     3
  Evoke: Wand              |       |    10 |    18 |    26 |     3 ||    57
    Use: Scroll            |       |     8 |     7 |    13 |     2 ||    30
         Potion            |       |       |     1 |       |       ||     1
   Stab: Sleeping          |     5 |     4 |    11 |    13 |       ||    33
         Petrified         |       |     4 |    34 |    87 |    20 ||   145
         Petrifying        |       |       |     2 |     6 |     1 ||     9
         Invisible         |       |       |       |     1 |     1 ||     2
         Distracted        |       |       |       |       |     3 ||     3
 Armour: Robe              |    20 |    19 |    54 |    27 |       ||   120
         Troll leather arm |       |       |       |   123 |    74 ||   197
  Dodge: Dodged            |    24 |    10 |    44 |   189 |    72 ||   339

Levels and vault maps discovered:
D:1:      amcnicky_arrival_abandoned_market, layout_basic
D:2:      layout_loops_corners, shapermc_ecumenical_altar_rom_forum,
          uniq_terence
D:3:      layout_basic, okawaru_metal_pillars_3, st_stairs_1
D:4:      layout_cave_pods, mainiacjoe_overflow_alcove_4,
          mainiacjoe_overflow_catwalk, minmay_temple_entry_stoned_glass,
          minmay_misc_feat_columns
D:5:      layout_basic, minivault_1, nicolae_hexahallways
D:6:      layout_basic, nicolae_ashenzari_panopticon,
          mainiacjoe_overflow_small_starburst, mainiacjoe_overflow_swirl,
          uniq_menkaure
D:7:      layout_loops_ring, mainiacjoe_overflow_surrounded_room, serial_shops,
          nicolae_shop_bloodbath_and_beyond, corexii_checkpoint,
          minmay_misc_feat_room, uniq_joseph
D:8:      layout_cave_pods, serial_shops, nicolae_shop_trees,
          nicolae_shop_rolling_square, nicolae_shop_rolled_up,
          grunt_decor_one_mirror, uniq_jeremiah
D:9:      layout_stronghold, mainiacjoe_overflow_brackets, david_lair_shrubbed,
          serial_shops, nicolae_shop_tiny_real_fake_doors
D:10:     layout_basic, lemuel_coloured_pillars_altar, orc_0_dummy,
          minmay_liquid_box, corexii_hall_statues_u, minivault_16,
          grunt_decor_resistance, uniq_amaemon, uniq_gastronok
Temple:   hellmonk_temple_forest_ring
Lair:1:   layout_cave_pods, lemuel_fruit_fields, uniq_erica
Lair:2:   nzn_winding_woodlands_cross [nzn_winding_woodlands_5x15_sawtooth,
          nzn_winding_woodlands_5x15_twine, nzn_winding_woodlands_5x15_zeroes,
          nzn_winding_woodlands_5x15_split_checker,
          nzn_winding_woodlands_15x15_five_gardens], layout_regular_city,
          st_stairs_8, minivault_27
Lair:3:   wander_river, layout_regular_city, nicolae_swamp_entry_spooky,
          hellmonk_spider_entry_life_and_decay, serial_bayou_shore_a
Lair:4:   layout_gridlike, forest_entry_grove
Lair:5:   evil_forest, layout_gridlike, slime_entry_1, basic_altar

Notes
Turn   | Place    | Note
-------+----------+-------------------------------------------
     0 | D:1      | MackTheKnife the Vampire Earth Elementalist began the quest
                  | for the Orb.
     0 | D:1      | Reached XP level 1. HP: 13/13 MP: 3/3
     0 | D:1      | magus.rc [v1.9.6]
   279 | D:1      | Reached XP level 2. HP: 19/19 MP: 3/5
   285 | D:1      | Learned a level 2 spell: Passwall
   484 | D:1      | Reached skill level 4 in Stealth
   942 | D:1      | Gained mutation: You are afflicted with vampirism and can
                  | become a bat while bloodless. [Vampire growth]
   942 | D:1      | Reached XP level 3. HP: 24/24 MP: 4/6
  1069 | D:2      | Identified the of Exkepuw
  1258 | D:2      | Noticed Terence
  1720 | D:2      | Found a faded altar of an unknown god.
  1849 | D:2      | Reached skill level 5 in Stealth
  1849 | D:2      | Reached skill level 4 in Earth Magic
  1983 | D:2      | You fall into a shaft and drop 1 floor!
  1996 | D:3      | Learned a level 1 spell: Summon Small Mammal
  2260 | D:2      | Reached XP level 4. HP: 31/31 MP: 7/7
  2583 | D:2      | Killed Terence
  2584 | D:2      | Reached skill level 1 in Fighting
  2584 | D:2      | Reached skill level 1 in Evocations
  2814 | D:3      | Identified a scroll of acquirement
  2815 | D:3      | Identified the "Isas Bomm" (You acquired it on level 3 of
                  | the Dungeon)
  2815 | D:3      | Acquired a staff of earth
  2915 | D:3      | Found an iron altar of Okawaru.
  3043 | D:3      | Reached XP level 5. HP: 38/38 MP: 6/8
  3411 | D:4      | Found a blossoming altar of Fedhas.
  3417 | D:4      | Found a staircase to the Ecumenical Temple.
  3426 | Temple   | Entered the Ecumenical Temple
  3539 | Temple   | Became a worshipper of Kikubaaqudgha
  3571 | D:4      | Reached skill level 2 in Fighting
  3574 | D:4      | Reached skill level 2 in Evocations
  3574 | D:4      | Reached skill level 2 in Transmutations
  3630 | D:4      | Reached XP level 6. HP: 44/44 MP: 7/9
  3723 | D:4      | You pick up a book of Displacement and begin reading...
  3723 | D:4      | You add the spells Lesser Beckoning, Gell's Gravitas and
                  | Teleport Other to your library.
  3994 | D:4      | Reached skill level 3 in Transmutations
  4125 | D:4      | Reached skill level 5 in Earth Magic
  4160 | D:4      | Learned a level 4 spell: Petrify
  4474 | D:4      | Found a snail-covered altar of Cheibriados.
  4763 | D:4      | Reached skill level 4 in Transmutations
  4792 | D:5      | Entered Level 5 of the Dungeon
  5076 | D:5      | Reached XP level 7. HP: 49/50 MP: 6/10
  6028 | D:5      | Reached skill level 6 in Earth Magic
  6030 | D:5      | Reached * piety under Kikubaaqudgha
  6030 | D:5      | You add the spells Kiss of Death, Necrotise, Cigotuvi's
                  | Dreadful Rot and Vampiric Draining to your library.
  6030 | D:5      | Received a gift from Kikubaaqudgha
  6031 | D:5      | Reached skill level 5 in Transmutations
  6782 | D:6      | Noticed Menkaure
  6836 | D:6      | Found a hazy altar of Hepliaklqana.
  6869 | D:6      | Found an ornate altar of the Wu Jian Council.
  6884 | D:6      | Found an opulent altar of Gozag.
  6971 | D:6      | Reached skill level 6 in Transmutations
  6971 | D:6      | Reached XP level 8. HP: 51/56 MP: 7/11
  7203 | D:6      | Reached skill level 7 in Earth Magic
  7384 | D:6      | Found a broken altar of Ashenzari.
  7586 | D:6      | Killed Menkaure
  7648 | D:7      | Learned a level 3 spell: Stone Arrow
  7829 | D:7      | Found Pulatioth's Weapon Shop.
  7860 | D:7      | Reached skill level 1 in Short Blades
  7975 | D:7      | Found a shimmering altar of Xom.
  8407 | D:7      | Reached skill level 2 in Short Blades
  8407 | D:7      | Reached skill level 6 in Stealth
  8534 | D:7      | Noticed Joseph
  8549 | D:7      | Killed Joseph
  8550 | D:7      | Reached skill level 3 in Short Blades
  8550 | D:7      | Reached skill level 7 in Stealth
  8550 | D:7      | Reached skill level 8 in Earth Magic
  9047 | D:8      | Found Xuen's Weapon Shoppe.
  9048 | D:8      | Noticed Jeremiah
  9116 | D:8      | Reached XP level 9. HP: 57/61 MP: 7/12
  9279 | D:8      | Reached skill level 4 in Short Blades
  9296 | D:8      | Reached ** piety under Kikubaaqudgha
  9297 | D:8      | magus.rc [v1.9.6]
  9341 | D:8      | Reached skill level 8 in Stealth
  9713 | D:8      | Found Enipibra's Magic Scroll Emporium.
  9716 | D:8      | Bought a scroll of enchant armour for 82 gold pieces
  9716 | D:8      | Bought a scroll of identify for 22 gold pieces
  9716 | D:8      | Bought a scroll of identify for 22 gold pieces
  9716 | D:8      | Bought a scroll of identify for 22 gold pieces
  9716 | D:8      | Bought a scroll of identify for 22 gold pieces
  9720 | D:8      | Bought a scroll of poison for 44 gold pieces
  9766 | D:8      | Reached skill level 3 in Dodging
  9835 | D:8      | Found Gaaxzup's Armour Boutique.
 10061 | D:9      | Reached skill level 3 in Fighting
 10063 | D:9      | Reached skill level 4 in Dodging
 10065 | D:9      | Reached skill level 4 in Fighting
 10332 | D:9      | Reached skill level 9 in Stealth
 10421 | D:9      | Reached skill level 5 in Short Blades
 10569 | D:9      | Noticed a cyclops
 10859 | D:8      | Reached skill level 3 in Spellcasting
 10928 | D:8      | Reached skill level 10 in Stealth
 11039 | D:9      | Reached skill level 6 in Short Blades
 11039 | D:9      | Reached XP level 10. HP: 71/71 MP: 10/15
 11057 | D:9      | Reached skill level 4 in Spellcasting
 11196 | D:8      | Reached skill level 3 in Evocations
 11287 | D:9      | Noticed a two-headed ogre
 11299 | D:9      | Killed a two-headed ogre
 11300 | D:9      | Reached skill level 4 in Evocations
 11300 | D:9      | Reached skill level 1 in Conjurations
 11559 | D:9      | Reached skill level 2 in Conjurations
 11774 | D:9      | Found Diun's Antique Weapon Boutique.
 11774 | D:9      | Noticed a two-headed ogre
 11803 | D:9      | Killed a two-headed ogre
 11804 | D:9      | Reached skill level 9 in Earth Magic
 12012 | D:9      | Found a shimmering blue altar of Sif Muna.
 12019 | D:9      | Found a staircase to the Lair.
 12061 | D:9      | Reached skill level 10 in Earth Magic
 12604 | D:9      | Killed a cyclops
 12727 | D:10     | Entered Level 10 of the Dungeon
 12770 | D:10     | Found a staircase to the Orcish Mines.
 12869 | D:10     | Reached skill level 5 in Dodging
 12960 | D:10     | Noticed an obsidian statue
 13048 | D:10     | Noticed Gastronok
 13127 | D:10     | Identified the +3 long sword "Zothidd" {speed, rElec}
 13216 | D:10     | Noticed an orange demon
 13360 | D:8      | Killed Jeremiah
 13361 | D:8      | Reached skill level 5 in Fighting
 13361 | D:8      | Reached XP level 11. HP: 79/79 MP: 13/17
 13480 | Lair:1   | Entered Level 1 of the Lair of Beasts
 13480 | Lair:1   | Noticed Erica
 13483 | Lair:1   | Killed Erica
 13755 | Lair:1   | Reached skill level 6 in Dodging
 13789 | Lair:1   | Reached skill level 6 in Fighting
 13912 | Lair:1   | Reached *** piety under Kikubaaqudgha
 13912 | Lair:1   | You add the spells Agony, Borgnjor's Vile Clutch, Death
                  | Channel and Simulacrum to your library.
 13912 | Lair:1   | Received a gift from Kikubaaqudgha
 13960 | Lair:1   | You pick up a book of Displacement and begin reading...
 14192 | Lair:1   | You add the spells Sting, Poisonous Vapours and Olgreb's
                  | Toxic Radiance to your library.
 14622 | Lair:2   | Identified the "Ekorhos"
 14693 | Lair:2   | Reached skill level 1 in Necromancy
 14757 | Lair:2   | Reached skill level 2 in Necromancy
 14916 | Lair:2   | Learned a level 5 spell: Borgnjor's Vile Clutch
 14940 | Lair:2   | You fall into a shaft and drop 1 floor!
 14953 | Lair:3   | Reached skill level 3 in Necromancy
 15250 | Lair:2   | Reached skill level 4 in Necromancy
 15390 | Lair:2   | Reached skill level 5 in Necromancy
 15417 | Lair:2   | Reached skill level 6 in Necromancy
 15420 | Lair:2   | Noticed a lindwurm
 15422 | Lair:2   | Reached skill level 7 in Necromancy
 15489 | Lair:2   | Noticed a lindwurm
 15499 | Lair:2   | Killed a lindwurm
 15560 | Lair:2   | Killed a lindwurm
 15561 | Lair:2   | Reached skill level 8 in Necromancy
 15691 | Lair:2   | Reached skill level 9 in Necromancy
 15805 | Lair:2   | Reached XP level 12. HP: 88/88 MP: 11/18
 15975 | Lair:2   | Reached skill level 10 in Necromancy
 16048 | Lair:2   | You add the spells Volatile Blastmotes, Confusing Touch,
                  | Starburst and Plasma Beam to your library.
 16787 | Lair:3   | Reached skill level 11 in Necromancy
 16879 | Lair:3   | Reached **** piety under Kikubaaqudgha
 16933 | Lair:3   | Found a hole to the Spider Nest.
 17351 | Lair:3   | Reached skill level 12 in Necromancy
 17853 | Lair:3   | Noticed a seven-headed hydra
 17867 | Lair:3   | Killed a seven-headed hydra
 17868 | Lair:3   | Reached skill level 5 in Spellcasting
 18279 | Lair:3   | Reached skill level 6 in Spellcasting
 18338 | Lair:3   | Found a staircase to the Swamp.
 18338 | Lair:3   | Noticed a ghost crab
 18490 | D:10     | Killed Gastronok
 18616 | D:10     | Learned a level 6 spell: Death Channel
 18703 | D:10     | Noticed Amaemon
 18854 | D:10     | Killed Amaemon
 18855 | D:10     | Reached skill level 7 in Dodging
 18855 | D:10     | Reached skill level 11 in Stealth
 19051 | D:10     | Found a radiant altar of Vehumet.
 19703 | Lair:4   | Noticed a boulder beetle
 19717 | Lair:4   | Killed a boulder beetle
 19811 | Lair:4   | Reached skill level 7 in Fighting
 19811 | Lair:4   | Reached XP level 13. HP: 96/96 MP: 2/22
 19846 | Lair:4   | Reached skill level 12 in Stealth
 20151 | Lair:4   | Reached ***** piety under Kikubaaqudgha
 20211 | Lair:4   | Reached skill level 8 in Dodging
 20407 | Lair:5   | Identified the of Dimeid
 20407 | Lair:5   | Entered Level 5 of the Lair of Beasts
 20417 | Lair:5   | Reached skill level 8 in Fighting
 20428 | Lair:5   | You pick up a book of Minor Magic and begin reading...
 20428 | Lair:5   | You add the spells Magic Dart, Call Imp and Mephitic Cloud
                  | to your library.
 20533 | Lair:5   | Found a staircase to the Slime Pits.
 20549 | Lair:5   | Learned a level 3 spell: Mephitic Cloud
 20600 | Lair:5   | Reached skill level 1 in Air Magic
 20632 | Lair:5   | Reached skill level 1 in Poison Magic
 20638 | Lair:5   | Found a stormy altar of Qazlal.
 20692 | Lair:5   | Reached skill level 2 in Air Magic
 20904 | Lair:5   | Reached skill level 2 in Poison Magic
 21074 | Lair:5   | HP: 16/98 [five-headed hydra (12)]
 21074 | Lair:5   | HP: 7/98 [five-headed hydra (9)]
 21074 | Lair:5   | Slain by a five-headed hydra

Vanquished Creatures
  Gastronok (D:10)
  2 hydras
  A boulder beetle (Lair:4)
  2 two-headed ogres (D:9)
  Erica (Lair:1)
  Amaemon (D:10)
  A skyshark (Lair:4)
  2 lindwurms (Lair:2)
  A cyclops (D:9)
  3 black mambas
  6 elephants
  Joseph (D:7)
  An orange demon (D:10)
  10 cane toads
  Jeremiah (D:8)
  A rime drake (Lair:2)
  9 komodo dragons
  A polar bear (Lair:4)
  2 trolls (D:10)
  11 blink frogs
  2 dream sheep (Lair:2)
  4 culicivoras (Lair:3)
  2 spectral black mambas (Lair:3)
  A spriggan (Lair:4)
  A shadow (D:9)
  A wyvern (Lair:2)
  28 yaks
  A wraith (D:10)
  A basilisk (Lair:2)
  2 steam dragons
  Menkaure (D:6)
  16 water moccasins
  An acid dragon (D:10)
  2 black bears
  A spectral blink frog (Lair:3)
  An ogre (D:4)
  A spectral torpor snail (Lair:3)
  2 centaurs
  20 wolves
  3 phantoms
  14 bullfrogs
  A gnoll sergeant (D:10)
  2 kobold brigands
  3 scorpions
  5 killer bees
  A howler monkey (D:7)
  2 jellies (D:6)
  2 orc priests
  A gnoll bouda (D:5)
  4 iguanas
  2 sleepcaps
  5 orc wizards
  Terence (D:2)
  11 gnolls
  6 adders
  A shadow imp (D:7)
  2 white imps
  3 worms
  4 dart slugs
  22 orcs
  9 bats
  5 endoplasms
  5 giant cockroaches
  10 goblins
  4 hobgoblins
  6 jackals
  5 quokkas
  5 ball pythons
  2 frilled lizards (D:2)
  8 kobolds
  8 rats
308 creatures vanquished.

Vanquished Creatures (collateral kills)
  An elephant (Lair:4)
  A cane toad (Lair:2)
  A komodo dragon (Lair:5)
  A wyvern (Lair:2)
  A yak (Lair:5)
  4 water moccasins
  A black bear (Lair:1)
  3 wolves
  A killer bee (D:9)
  2 gnolls (D:10)
16 creatures vanquished.

Vanquished Creatures (others)
  5 yaks
  2 wolves
  A bullfrog (Lair:1)
  2 killer bees (D:9)
  A gnoll (D:10)
11 creatures vanquished.

Grand Total: 335 creatures vanquished

Table legend:
 A = Non-vault XP
 B = Vault XP
 C = Vault XP percentage of total XP
 D = Non-vault monster count
 E = Vault monster count
 F = Vault count percentage of total count
                 A         B        C        D         E       F
            +---------+---------+-------+---------+---------+-------
      Total |   32537 |   15578 |  32.4 |     274 |      53 |  16.2
            +---------+---------+-------+---------+---------+-------
        D:1 |      45 |       0 |   0.0 |      25 |       0 |   0.0
        D:2 |      52 |      32 |  38.1 |      23 |       1 |   4.2
        D:3 |      67 |       3 |   4.3 |      12 |       2 |  14.3
        D:4 |     520 |       0 |   0.0 |      23 |       0 |   0.0
        D:5 |     523 |       0 |   0.0 |      19 |       0 |   0.0
        D:6 |     383 |     169 |  30.6 |      12 |       1 |   7.7
        D:7 |     506 |     438 |  46.4 |      11 |       3 |  21.4
        D:8 |    1296 |     394 |  23.3 |      21 |       1 |   4.5
        D:9 |    5615 |     355 |   5.9 |      23 |       1 |   4.2
       D:10 |    2318 |    2778 |  54.5 |      16 |       3 |  15.8
     Temple |       3 |       0 |   0.0 |       1 |       0 |   0.0
     Lair:1 |    1712 |     823 |  32.5 |      11 |       1 |   8.3
     Lair:2 |    3795 |    7290 |  65.8 |      16 |      26 |  61.9
     Lair:3 |    5078 |    1585 |  23.8 |      27 |       8 |  22.9
     Lair:4 |    5739 |     855 |  13.0 |      13 |       5 |  27.8
     Lair:5 |    4885 |     856 |  14.9 |      21 |       1 |   4.5
            +---------+---------+-------+---------+---------+-------

Skill      XL: |  1  2  3  4  5  6  7  8  9 10 11 12 13 |
---------------+----------------------------------------+-----
Stealth        | 4 5 7 10 11 12 | 12.0
Earth Magic    | 4 5 6 8 10 | 10.0
Fighting       | 1 2 4 5 6 7 8 |  8.1
Evocations     | 1 2 4 |  4.0
Transmutations | 2 4 6 |  6.6
Short Blades   | 3 6 |  6.0
Dodging        | 4 5 6 7 8 |  8.1
Spellcasting   | 3 4 6 |  6.0
Conjurations   | 2 |  2.7
Necromancy     | 9 12 | 12.0
Air Magic      | 2 |  2.2
Poison Magic   | 2 |  2.0

Action                     |  1- 3 |  4- 6 |  7- 9 | 10-12 | 13-15 || total
---------------------------+-------+-------+-------+-------+-------++-------
  Melee: Dagger            |    34 |    13 |    73 |   191 |    81 ||   392
         Punch             |     2 |       |     1 |     2 |     4 ||     9
         Bite              |     3 |     1 |    10 |    31 |    11 ||    56
         Long sword        |       |       |       |    16 |    11 ||    27
         Staff             |       |       |       |       |     1 ||     1
  Throw: Stone             |     5 |       |       |       |       ||     5
         Dart              |     8 |     5 |     4 |     3 |       ||    20
   Cast: Sandblast         |    49 |    42 |    63 |    72 |     5 ||   231
         Passwall          |     2 |     4 |     5 |     4 |       ||    15
         Petrify           |       |     1 |    29 |    69 |    30 ||   129
         Stone Arrow       |       |       |     2 |    27 |       ||    29
         Borgnjor's Vile C |       |       |       |     6 |     3 ||     9
         Death Channel     |       |       |       |     1 |     2 ||     3
  Evoke: Wand              |       |    10 |    18 |    26 |     3 ||    57
    Use: Scroll            |       |     8 |     7 |    13 |     2 ||    30
         Potion            |       |       |     1 |       |       ||     1
   Stab: Sleeping          |     5 |     4 |    11 |    13 |       ||    33
         Petrified         |       |     4 |    34 |    87 |    20 ||   145
         Petrifying        |       |       |     2 |     6 |     1 ||     9
         Invisible         |       |       |       |     1 |     1 ||     2
         Distracted        |       |       |       |       |     3 ||     3
 Armour: Robe              |    20 |    19 |    54 |    27 |       ||   120
         Troll leather arm |       |       |       |   123 |    74 ||   197
  Dodge: Dodged            |    24 |    10 |    44 |   189 |    72 ||   339

Illustrated notes

Table legend:
 A = Kills in this place as a percentage of kills in the entire game.
 B = Kills by you in this place as a percentage of kills by you in the entire game.
 C = Kills by friends in this place as a percentage of kills by friends in the entire game.
 D = Other kills in this place as a percentage of other kills in the entire game.
 E = Experience gained in this place as a percentage of experience gained in the entire game.
 F = Experience gained in this place divided by the number of levels of this place that you have seen.
                   A       B       C       D       E      F
               +-------+-------+-------+-------+-------+----------------------
         Total | 100.0 | 100.0 | 100.0 | 100.0 | 100.0 | 3007.2
       Dungeon |  60.2 |  62.7 |  18.8 |  33.3 |  32.2 | 1549.4
        Temple |   0.3 |   0.3 |   0.0 |   0.0 |   0.0 |   3.0
          Lair |  39.4 |  37.0 |  81.2 |  66.7 |  67.8 | 6523.6
               +-------+-------+-------+-------+-------+----------------------

Table legend: (Time is in decaauts)
 A = Elapsed time spent in this place.
 B = Non-inter-level travel time spent in this place.
 C = Inter-level travel time spent in this place.
 D = Time resting spent in this place.
 E = Time spent auto-exploring this place.
 F = Levels seen in this place.
 G = Mean time per level.
                   A        B        C        D        E       F      G
               +--------+--------+--------+--------+--------+-----+--------+
         Total |  20977 |  19357 |   1620 |   3787 |  10280 |  16 | 1311.1 |
       Dungeon |  14206 |  12962 |   1244 |   2341 |   6985 |  10 | 1420.6 |
        Temple |     38 |     16 |     22 |      8 |      0 |   1 |   38.0 |
          Lair |   6733 |   6380 |    353 |   1438 |   3295 |   5 | 1346.6 |
               +--------+--------+--------+--------+--------+-----+--------+

Top non-repeatable levels by time:
     D:9: 2094 daAuts
     D:8: 2043 daAuts
  Lair:2: 1970 daAuts
  Lair:3: 1863 daAuts
     D:5: 1706 daAuts
     D:2: 1448 daAuts
     D:4: 1402 daAuts
  Lair:4: 1348 daAuts
     D:6: 1241 daAuts
    D:10: 1194 daAuts
  Lair:1: 1179 daAuts
     D:7: 1100 daAuts
     D:1: 1082 daAuts
     D:3: 892 daAuts
  Lair:5: 370 daAuts
